 Dungeon Crawl Stone Soup version 0.13.1 (webtiles) character file.

108 Grandi the Magician (level 3, 0/22 HPs)
             Began as a Human Wizard on Dec 1, 2013.
             Hit by a dart thrown by a kobold (1 damage)
             ... on Level 2 of the Dungeon.
             The game lasted 00:10:07 (2164 turns).

Grandi the Magician (Human Wizard)                  Turns: 2164, Time: 00:10:07

HP   0/22        AC  3     Str  7      XL: 3   Next: 95%
MP   3/9         EV 10     Int 19      God:
Gold 62          SH  0     Dex 11      Spells:  4 memorised,  1 level left

Res.Fire  : . . .   See Invis. : .   g - +0 orc dagger
Res.Cold  : . . .   Warding    : .   h - +0 elf leather armour
Life Prot.: . . .   Conserve   : .   (no shield)
Res.Poison: .       Res.Corr.  : .   b - +0 wizard hat
Res.Elec. : .       Clarity    : .   (no cloak)
Sust.Abil.: . .     Spirit.Shd : .   (no gloves)
Res.Mut.  : .       Stasis     : .   (no boots)
Res.Rott. : .       Flight     : .   (no amulet)
Saprovore : . . .                    (no ring)
                                     (no ring)

@: not resistant to hostile enchantments, unstealthy
A: no striking features
a: no special abilities


You were on level 2 of the Dungeon.
You were very hungry.

You visited 1 branch of the dungeon, and saw 2 of its levels.

You collected 42 gold pieces.

Inventory:

Hand weapons
 g - a +0,+0 orcish dagger (weapon)
 n - a +0,+0 dagger (quivered)
 p - a +1,+2 dagger
Armour
 a - a +0 robe
 b - a +0 wizard hat (worn)
 h - a +0 elven leather armour (worn)
Comestibles
 d - 2 bread rations
 j - 2 meat rations
Scrolls
 e - a scroll of curse weapon {unknown}
 k - a scroll of fear {unknown}
 l - 2 scrolls of remove curse {unknown}
 o - a scroll of noise {unknown}
Potions
 f - 2 potions of heal wounds {unknown}
Books
 c - a book of Minor Magic

   Spells                             Type                      Level
   *Magic Dart                        Conjuration                  1
   *Blink                             Translocation                2
   *Call Imp                          Summoning                    2
   Repel Missiles                     Charms/Air                   2
   Slow                               Hexes                        2
   Conjure Flame                      Conjuration/Fire             3
   *Mephitic Cloud                    Conjuration/Poison/Air       3


   Skills:
 + Level 0.6 Armour
 + Level 2.7 Dodging
 + Level 2.2 Stealth
 + Level 3.6 Spellcasting
 + Level 1.0 Conjurations
 + Level 1.1 Summonings
 + Level 1.0 Translocations


You had one spell level left.
You knew the following spells:

 Your Spells              Type           Power        Failure   Level  Hunger
a - Magic Dart            Conj           #...         12%         1    None
b - Blink                 Tloc           N/A          17%         2    ##.....
c - Call Imp              Summ           #.........   14%         2    ##.....
d - Mephitic Cloud        Conj/Pois/Air  #.......     38%         3    ###....


Dungeon Overview and Level Annotations

Branches:
Dungeon (2/27)

Altars:


Message History

Your crimson imp blinks!
You hit the gnoll.
The gnoll is lightly wounded.
The gnoll hits you with a whip.
* * * LOW HITPOINT WARNING * * *
Your crimson imp blinks!
A giant gecko comes into view.
Your crimson imp hits the gnoll.
Found a scroll labeled WAICIR ARRY.
Your crimson imp hits the kobold but does no damage.
Your crimson imp closely misses the giant newt.
Found a stone staircase leading up.
Your crimson imp blinks!
Found a stone staircase leading down.
Found an escape hatch in the ceiling.
The gnoll throws a spear.
The spear hits you!
* * * LOW HITPOINT WARNING * * *
You see here a spear.
The kobold throws a dart.
The dart hits you!
You die...

#. #.###.##...###
##.###.......>.... .
..........#...# #
#.##......#...#
###.##......#...#
..........K.g...#
###.##.#####....# #
#.##...l....).########.
#
#.##.........g@<.......
.
..............########.
# #<###........#.. #
#.# ........#.. . ..#
........#... . ... .
........... .....######
....# .


You could see 2 gnolls, a kobold and a giant newt.

Vanquished Creatures
  A giant gecko (D:1)
  2 giant cockroaches (D:1)
  3 goblins (D:1)
  6 hobgoblins (D:1)
  2 jackals (D:1)
  5 bats
  2 giant newts (D:1)
  4 rats (D:1)
25 creatures vanquished.

Vanquished Creatures (collateral kills)
  2 gnolls (D:2)
  A worm (D:2)
  2 goblins (D:1)
  A hobgoblin (D:1)
  A kobold (D:1)
  A rat (D:1)
8 creatures vanquished.

Vanquished Creatures (others)
  A crimson imp (D:2)
  A white imp (D:2)
2 creatures vanquished.

Grand Total: 35 creatures vanquished

Notes
Turn   | Place    | Note
--------------------------------------------------------------
     0 | D:1      | Grandi, the Human Wizard, began the quest for the Orb.
     0 | D:1      | Reached XP level 1. HP: 11/11 MP: 5/5
   191 | D:1      | Reached XP level 2. HP: 7/17 MP: 0/7
   506 | D:1      | Learned a level 2 spell: Blink
   509 | D:1      | Learned a level 2 spell: Call Imp
  1413 | D:1      | Reached XP level 3. HP: 22/22 MP: 5/9
  1983 | D:1      | Learned a level 3 spell: Mephitic Cloud
  2162 | D:2      | HP: 1/22 [gnoll/ spear (5)]
  2164 | D:2      | Hit by a dart thrown by a kobold

Action                   || total
-------------------------++-------
Melee: Unarmed           ||     3
       Dagger            ||    66
 Cast: Magic Dart        ||    57
       Call Imp          ||    12
       Blink             ||     1
